Maple Leafs vs Rangers
Created - February 13, 2024 at 19:20
Goals
|
Maple Leafs |
2 |
2 |
0 |
0 |
4 |
Rangers |
0 |
1 |
3 |
1 |
5 |
|
Shots
|
Maple Leafs |
10 |
11 |
1 |
0 |
22 |
Rangers |
6 |
9 |
11 |
5 |
31 |
|
1st period
1. Maple Leafs , Andre Burakovsky 18 (Evander Kane 23, Bo Horvat 32) at 1:23
2. Maple Leafs , Ben Smith 16 (Jason Zucker 25, Aleksander Barkov 15) at 3:49
Penalties :
Vince Dunn (NyR) for Hooking (Minor) at 4:01, Brandon Saad (TOR) for Interference (Minor) at 18:54
2nd period
3. Rangers , Samuel Blais 1 (Sean Couturier 45, Milan Lucic 39) at 2:04 (PP)
4. Maple Leafs , Tye McGinn 6 (Pontus Aberg 8, Jon Merrill 13) at 10:21
5. Maple Leafs , Luke Schenn 1 (Jon Merrill 14, Pavel Francouz) at 17:26 (PP)
Penalties :
Brenden Dillon (TOR) for Holding (Minor) at 1:53, Zach Werenski (TOR) for Tripping (Minor) at 7:31, Patrik Nemeth (NyR) for Hooking (Minor) at 13:03, Seth Griffith (NyR) for Interference (Minor) at 16:36
3rd period
6. Rangers , Ryan Strome 21 (Milan Lucic 40, Sean Couturier 46) at 5:56
7. Rangers , Tomas Hertl 15 (Ondrej Palat 17, Patrik Nemeth 5) at 7:04
8. Rangers , Oliver Bjorkstrand 2 (Ondrej Palat 18, Tomas Hertl 22) at 13:36
Penalties :
Evander Kane (TOR) for Delaying the game (Minor) at 7:31, Evander Kane (TOR) for High sticking (Minor) at 18:58
Overtime #1
9. Rangers , Sean Couturier 24 (Dmitry Kulikov 15, Milan Lucic 41) at 2:23
Penalties :
No Penalty
Goalie Stats
Pavel Francouz (TOR), 26 saves from 31 shots - (0.839), OTL, 3-5-3, 62:23 minutes
Samuel Montembeault (NyR), 18 saves from 22 shots - (0.818), W, 13-12-3, 62:23 minutes
Players Stats for Maple Leafs
Player Name G A P +/- PIM S H SB GA TA FO MP PP MP PK MP
------------------------------------------------------------------------------------
Aleksander Barkov 0 1 1 -1 0 1 0 1 1 0 5/11 16:50 2:11 1:15
Andre Burakovsky 1 0 1 1 0 5 1 1 0 1 0/1 17:02 2:11 0:00
Ben Smith 1 0 1 -1 0 1 1 0 0 0 0/0 16:06 2:37 0:00
Bo Horvat 0 1 1 0 0 0 2 0 0 0 12/32 24:20 2:36 5:14
Brandon Saad 0 0 0 0 2 0 1 0 0 1 0/0 9:39 0:00 1:57
Brenden Dillon 0 0 0 0 2 0 0 0 0 1 0/0 15:00 0:00 0:01
Elias Pettersson 0 0 0 0 0 2 0 0 0 1 2/3 9:46 0:01 1:26
Evander Kane 0 1 1 0 4 1 2 0 1 0 1/1 22:25 2:37 2:39
Haydn Fleury 0 0 0 -1 0 0 1 1 1 2 0/0 15:20 0:00 1:11
Jason Zucker 0 1 1 -1 0 2 2 0 0 0 0/0 18:10 2:11 2:29
John Klingberg 0 0 0 -3 0 1 2 2 3 2 0/0 28:31 3:15 5:11
Jon Merrill 0 2 2 2 0 1 0 0 1 1 0/0 24:22 1:33 5:12
Luke Schenn 1 0 1 2 0 2 1 1 0 0 0/0 18:51 1:33 2:55
Nicholas Baptiste 0 0 0 0 0 0 2 1 0 0 0/0 7:38 0:00 0:00
Patrice Cormier 0 0 0 0 0 0 1 0 0 0 4/4 11:15 0:00 0:00
Pontus Aberg 0 1 1 0 0 1 0 1 1 0 0/0 11:15 0:00 0:00
Tye McGinn 1 0 1 0 0 1 0 0 2 0 0/0 11:31 0:00 0:16
Zach Werenski 0 0 0 -2 2 4 2 0 0 0 0/0 23:19 3:15 1:44
Players Stats for Rangers
Player Name G A P +/- PIM S H SB GA TA FO MP PP MP PK MP
------------------------------------------------------------------------------------
Cale Makar 0 0 0 0 0 2 0 0 3 1 0/0 24:52 4:59 2:06
Chris Mcallister 0 0 0 -1 0 5 2 0 0 0 0/0 13:14 0:04 1:52
Devante Smith-Pelly 0 0 0 0 0 0 0 0 2 0 0/0 12:46 3:09 0:00
Dmitry Kulikov 0 1 1 0 0 1 0 3 0 0 0/0 20:37 0:00 2:44
Henrik Samuelsson 0 0 0 0 0 2 1 0 0 2 1/4 9:19 0:00 0:19
Jake McCabe 0 0 0 1 0 1 2 0 0 2 0/0 24:36 2:10 2:57
Mikhail Sergachev 0 0 0 1 0 0 0 0 0 1 0/0 14:34 0:00 0:00
Milan Lucic 0 3 3 2 0 3 3 1 0 1 1/1 22:48 3:56 2:38
Oliver Bjorkstrand 1 0 1 0 0 2 0 0 0 0 0/0 14:01 0:04 0:00
Ondrej Palat 0 2 2 0 0 2 1 0 0 0 0/0 17:24 3:09 0:18
Patrik Nemeth 0 1 1 -1 2 1 1 0 0 0 0/0 16:54 0:00 1:02
Richard Panik 0 0 0 -1 0 2 0 0 1 0 0/0 11:11 0:04 0:00
Ryan Strome 1 0 1 1 0 1 2 0 2 0 2/2 18:53 3:56 0:40
Samuel Blais 1 0 1 0 0 2 2 0 0 0 0/0 14:31 4:59 0:00
Sean Couturier 1 2 3 2 0 3 1 0 1 0 21/36 22:48 3:56 2:38
Seth Griffith 0 0 0 -1 2 0 2 0 0 0 1/4 10:37 0:00 0:00
Tomas Hertl 1 1 2 0 0 4 1 0 0 1 2/5 17:41 3:09 1:11
Vince Dunn 0 0 0 1 2 0 0 0 0 2 0/0 17:55 2:10 0:47
3 Stars
1 - Sean Couturier (NyR)
2 - Milan Lucic (NyR)
3 - Tomas Hertl (NyR)
Power Play
Maple Leafs - 1 on 3 Attempt(s) - 33.33%
Rangers - 1 on 5 Attempt(s) - 20.00%
Penalty Kill
Maple Leafs - 4 on 5 Attempt(s) - 80.00%
- Score 0 goal in Penalty Kill
Rangers - 2 on 3 Attempt(s) - 66.67%
- Score 0 goal in Penalty Kill
Team Stat
Maple Leafs - Hits : 18 - Faceoff Wins : 24 - Blocked Shots : 8 - Penalty Minutes : 10
Rangers - Hits : 18 - Faceoff Wins : 28 - Blocked Shots : 4 - Penalty Minutes : 6
Official
Referees : Dean Morton and Dan Kelly
Linesman : Steve Miller and Jesse Marquis
Game Notes
No Game Note
Finance
Level 1 -- Attendance: 6000 (100.00%) -- Ticket Income $600,000
Level 2 -- Attendance: 4833 (96.66%) -- Ticket Income $289,980
Level 3 -- Attendance: 1810 (90.50%) -- Ticket Income $63,350
Level 4 -- Attendance: 3850 (96.25%) -- Ticket Income $96,250
Luxury Box -- Attendance: 873 (87.30%) -- Ticket Income $174,600
Game was played at the Madison Square Garden.
Total Attendance: 17366 (96.48%)
Total Ticket Income: $1,224,180
Other Income: $183,627
Total Income: $1,407,807
Maple Leafs
5 vs 5 Forward
Center Left Wing Right Wing Time % Phy DF OF
1 Bo Horvat Evander Kane Andre Burakovsky 40 1 1 3
2 Aleksander Barkov Jason Zucker Ben Smith 30 1 2 2
3 Patrice Cormier Tye McGinn Pontus Aberg 20 1 2 2
4 Elias Pettersson Brandon Saad Nicholas Baptiste 10 1 2 2
5 vs 5 Defense
Defense Defense Time % Phy DF OF
1 Zach Werenski John Klingberg 40 1 3 1
2 Jon Merrill Luke Schenn 30 1 3 1
3 Haydn Fleury Brenden Dillon 20 1 3 1
4 Jon Merrill John Klingberg 10 1 3 1
PowerPlay Forward
Center Left Wing Right Wing Time % Phy DF OF
1 Bo Horvat Evander Kane Ben Smith 60 0 1 4
2 Aleksander Barkov Jason Zucker Andre Burakovsky 40 0 1 4
PowerPlay Defense
Defense Defense Time % Phy DF OF
1 Zach Werenski John Klingberg 60 0 2 3
2 Jon Merrill Luke Schenn 40 0 2 3
Penalty Kill 4 Players Forward
Center Wing Time % Phy DF OF
1 Bo Horvat Evander Kane 60 1 3 1
2 Aleksander Barkov Jason Zucker 40 1 3 1
Penalty Kill 4 Players Defense
Defense Defense Time % Phy DF OF
1 Jon Merrill John Klingberg 60 1 4 0
2 Zach Werenski Luke Schenn 40 1 4 0
Penalty Kill - 3 Players Forward
Forward Time % Phy DF OF
1 Bo Horvat 60 1 3 1
2 Aleksander Barkov 40 1 3 1
Penalty Kill - 3 Players Defense
Defense Defense Time % Phy DF OF
1 Jon Merrill John Klingberg 60 1 4 0
2 Zach Werenski Luke Schenn 40 1 4 0
4 vs 4 Forward
Center Wing Time % Phy DF OF
1 Bo Horvat Evander Kane 60 1 2 2
2 Aleksander Barkov Jason Zucker 40 1 2 2
4 vs 4 Defense
Defense Defense Time % Phy DF OF
1 Jon Merrill John Klingberg 60 1 3 1
2 Zach Werenski Luke Schenn 40 1 3 1
Last Minutes Offensive
Center Left Wing Right Wing Defense Defense
Bo Horvat Evander Kane Ben Smith Jon Merrill John Klingberg
Last Minutes Defensive
Center Left Wing Right Wing Defense Defense
Bo Horvat Evander Kane Ben Smith Jon Merrill John Klingberg
Goaltenders
Starting : Pavel Francouz
Backup : Kristers Gudlevskis
Extra Forwards
Normal : Jason Zucker, Aleksander Barkov, Tye McGinn - PP : Jason Zucker, Aleksander Barkov - PK : Jason Zucker
Extra Defensemen
Normal : Luke Schenn, Haydn Fleury, Brenden Dillon - PP : Luke Schenn - PK : Luke Schenn, Haydn Fleury
Penalty Shots
Evander Kane, Ben Smith, Bo Horvat, Andre Burakovsky, Jason Zucker
Custom OT Lines Forwards
Evander Kane, Ben Smith, Bo Horvat, Andre Burakovsky, Jason Zucker, Aleksander Barkov, Tye McGinn, Pontus Aberg, Brandon Saad, Patrice Cormier
Custom OT Lines Defensemen
Jon Merrill, John Klingberg, Zach Werenski, Luke Schenn, Haydn Fleury
Scratches
Brett Pesce (Healthy), Valentin Zykov (Healthy)
Rangers
5 vs 5 Forward
Center Left Wing Right Wing Time % Phy DF OF
1 Sean Couturier Milan Lucic Ryan Strome 40 1 2 2
2 Tomas Hertl Ondrej Palat Oliver Bjorkstrand 30 1 2 2
3 Henrik Samuelsson Samuel Blais Devante Smith-Pelly 20 1 2 2
4 Seth Griffith Chris Mcallister Richard Panik 10 1 2 2
5 vs 5 Defense
Defense Defense Time % Phy DF OF
1 Cale Makar Jake McCabe 40 1 2 2
2 Dmitry Kulikov Patrik Nemeth 30 1 2 2
3 Vince Dunn Mikhail Sergachev 20 1 2 2
4 Vince Dunn Mikhail Sergachev 10 1 2 2
PowerPlay Forward
Center Left Wing Right Wing Time % Phy DF OF
1 Sean Couturier Milan Lucic Ryan Strome 60 1 2 2
2 Tomas Hertl Ondrej Palat Devante Smith-Pelly 40 1 2 2
PowerPlay Defense
Defense Defense Time % Phy DF OF
1 Cale Makar Samuel Blais 60 1 2 2
2 Jake McCabe Vince Dunn 40 1 2 2
Penalty Kill 4 Players Forward
Center Wing Time % Phy DF OF
1 Sean Couturier Milan Lucic 60 1 2 2
2 Tomas Hertl Chris Mcallister 40 1 2 2
Penalty Kill 4 Players Defense
Defense Defense Time % Phy DF OF
1 Jake McCabe Dmitry Kulikov 60 1 2 2
2 Cale Makar Patrik Nemeth 40 1 2 2
Penalty Kill - 3 Players Forward
Forward Time % Phy DF OF
1 Sean Couturier 60 1 2 2
2 Chris Mcallister 40 1 2 2
Penalty Kill - 3 Players Defense
Defense Defense Time % Phy DF OF
1 Jake McCabe Dmitry Kulikov 60 1 2 2
2 Cale Makar Patrik Nemeth 40 1 2 2
4 vs 4 Forward
Center Wing Time % Phy DF OF
1 Sean Couturier Milan Lucic 60 1 2 2
2 Tomas Hertl Samuel Blais 40 1 2 2
4 vs 4 Defense
Defense Defense Time % Phy DF OF
1 Jake McCabe Dmitry Kulikov 60 1 2 2
2 Cale Makar Mikhail Sergachev 40 1 2 2
Last Minutes Offensive
Center Left Wing Right Wing Defense Defense
Sean Couturier Milan Lucic Devante Smith-Pelly Jake McCabe Dmitry Kulikov
Last Minutes Defensive
Center Left Wing Right Wing Defense Defense
Sean Couturier Milan Lucic Devante Smith-Pelly Jake McCabe Dmitry Kulikov
Goaltenders
Starting : Samuel Montembeault
Backup : Frederik Andersen
Extra Forwards
Normal : Ryan Strome, Richard Panik, Ondrej Palat - PP : Ryan Strome, Richard Panik - PK : Ryan Strome
Extra Defensemen
Normal : Patrik Nemeth, Vince Dunn, Mikhail Sergachev - PP : Patrik Nemeth - PK : Patrik Nemeth, Vince Dunn
Penalty Shots
Milan Lucic, Sean Couturier, Tomas Hertl, Devante Smith-Pelly, Ryan Strome
Custom OT Lines Forwards
Milan Lucic, Sean Couturier, Tomas Hertl, Devante Smith-Pelly, Ryan Strome, Richard Panik, Ondrej Palat, Oliver Bjorkstrand, Chris Mcallister, Samuel Blais
Custom OT Lines Defensemen
Jake McCabe, Dmitry Kulikov, Cale Makar, Patrik Nemeth, Vince Dunn
Scratches
Magnus Paajarvi (Healthy), T.J Galiardi (Healthy)
% Time on Ice - Maple Leafs
Lines # - Real PCT - Wanted PCT - Time Play
Normal Forward
1 - 33% - 40% - 15:46
2 - 28% - 30% - 13:24
3 - 23% - 20% - 11:15
4 - 16% - 10% - 7:38
Normal Defense
1 - 35% - 40% - 17:00
2 - 32% - 30% - 15:14
3 - 29% - 20% - 14:09
4 - 3% - 10% - 1:40
PP Forward
1 - 55% - 60% - 2:37
2 - 45% - 40% - 2:11
PP Defense
1 - 68% - 60% - 3:15
2 - 32% - 40% - 1:33
PK Forward
1 - 85% - 60% - 6:03
2 - 15% - 40% - 1:06
PK Defense
1 - 59% - 60% - 4:13
2 - 41% - 40% - 2:56
PK3 Forward
1 - 100% - 60% - 0:58
2 - 0% - 40% - 0:00
PK3 Defense
1 - 100% - 60% - 0:58
2 - 0% - 40% - 0:00
44 Forward
1 - 0% - 60%
2 - 0% - 40%
44 Defense
1 - 0% - 60%
2 - 0% - 40%
Last Minute Offensive - 0:00
Last Minute Defensive - 0:00
Total
Forward - 60:58
Defense - 60:58
|
% Time on Ice - Rangers
Lines # - Real PCT - Wanted PCT - Time Play
Normal Forward
1 - 31% - 40% - 15:07
2 - 28% - 30% - 13:21
3 - 19% - 20% - 8:57
4 - 22% - 10% - 10:38
Normal Defense
1 - 36% - 40% - 17:05
2 - 34% - 30% - 16:24
3 - 21% - 20% - 9:57
4 - 10% - 10% - 4:37
PP Forward
1 - 56% - 60% - 4:00
2 - 44% - 40% - 3:09
PP Defense
1 - 70% - 60% - 4:59
2 - 30% - 40% - 2:10
PK Forward
1 - 75% - 60% - 3:37
2 - 25% - 40% - 1:11
PK Defense
1 - 53% - 60% - 2:32
2 - 47% - 40% - 2:16
PK3 Forward
1 - 0% - 60%
2 - 0% - 40%
PK3 Defense
1 - 0% - 60%
2 - 0% - 40%
44 Forward
1 - 100% - 60% - 0:58
2 - 0% - 40% - 0:00
44 Defense
1 - 100% - 60% - 0:58
2 - 0% - 40% - 0:00
Last Minute Offensive - 0:00
Last Minute Defensive - 0:00
Total
Forward - 60:58
Defense - 60:58
|
Play-by-Play
1st period
0:01 of 1st period - Sean Couturier wins face-off versus Bo Horvat in neutral zone.
0:26 of 1st period - Ondrej Palat is hit by Jason Zucker and loses puck.
0:33 of 1st period - Wrist shot by Jason Zucker.
0:33 of 1st period - Stopped by Samuel Montembeault without a rebound.
0:34 of 1st period - Patrice Cormier wins face-off versus Henrik Samuelsson in Rangers zone.
0:39 of 1st period - Snap shot by Pontus Aberg.
0:39 of 1st period - Stopped by Samuel Montembeault without a rebound.
0:40 of 1st period - Patrice Cormier wins face-off versus Henrik Samuelsson in Rangers zone.
0:41 of 1st period - Snap shot by Tye McGinn.
0:41 of 1st period - Shot Blocked by Dmitry Kulikov.
0:50 of 1st period - Icing by Jon Merrill.
0:51 of 1st period - Patrice Cormier wins face-off versus Seth Griffith in Maple Leafs zone.
1:02 of 1st period - Chris Mcallister is hit by Luke Schenn and loses puck.
1:23 of 1st period - Wrist shot by Andre Burakovsky.
1:23 of 1st period - Goal by Andre Burakovsky - Maple Leafs : 1 - Rangers : 0.
1:24 of 1st period - Aleksander Barkov wins face-off versus Sean Couturier in neutral zone.
1:51 of 1st period - Vince Dunn is hit by Haydn Fleury and loses puck.
1:56 of 1st period - Snap shot by Andre Burakovsky.
1:56 of 1st period - Stopped by Samuel Montembeault with a rebound.
2:14 of 1st period - Patrik Nemeth is hit by Nicholas Baptiste and loses puck.
2:33 of 1st period - Slapshot by Richard Panik.
2:33 of 1st period - Stopped by Pavel Francouz without a rebound.
2:34 of 1st period - Patrice Cormier wins face-off versus Seth Griffith in Maple Leafs zone.
2:40 of 1st period - Off-side.
2:41 of 1st period - Sean Couturier wins face-off versus Aleksander Barkov in neutral zone.
2:44 of 1st period - Ben Smith is hit by Milan Lucic and loses puck.
3:16 of 1st period - Wrist shot by Andre Burakovsky.
3:16 of 1st period - Stopped by Samuel Montembeault without a rebound.
3:17 of 1st period - Aleksander Barkov wins face-off versus Henrik Samuelsson in Rangers zone.
3:49 of 1st period - Snap shot by Ben Smith.
3:49 of 1st period - Goal by Ben Smith - Maple Leafs : 2 - Rangers : 0.
3:50 of 1st period - Bo Horvat wins face-off versus Sean Couturier in neutral zone.
3:59 of 1st period - Snap shot by Andre Burakovsky.
3:59 of 1st period - Stopped by Samuel Montembeault with a rebound.
4:01 of 1st period - Minor Penalty to Vince Dunn for Hooking.
4:02 of 1st period - Bo Horvat wins face-off versus Sean Couturier in Rangers zone.
4:15 of 1st period - Slapshot by Bo Horvat.
4:15 of 1st period - Shot Misses the Net.
6:01 of 1st period - Penalty to Vince Dunn is over, Vince Dunn is back on ice.
7:09 of 1st period - Snap shot by Samuel Blais.
7:09 of 1st period - Stopped by Pavel Francouz with a rebound.
8:36 of 1st period - Vince Dunn is hit by John Klingberg and loses puck.
9:20 of 1st period - Andre Burakovsky is hit by Patrik Nemeth and loses puck.
9:51 of 1st period - Sean Couturier is hit by Brandon Saad and loses puck.
10:38 of 1st period - Snap shot by Ben Smith.
10:38 of 1st period - Shot Hit the Post.
10:40 of 1st period - Slapshot by Jon Merrill.
10:40 of 1st period - Stopped by Samuel Montembeault without a rebound.
10:41 of 1st period - Aleksander Barkov wins face-off versus Sean Couturier in Rangers zone.
11:30 of 1st period - Devante Smith-Pelly is hit by Bo Horvat and loses puck.
12:31 of 1st period - Wrist shot by Ben Smith.
12:31 of 1st period - Shot Misses the Net.
13:05 of 1st period - Zach Werenski is hit by Seth Griffith and loses puck.
13:18 of 1st period - Patrik Nemeth is hit by John Klingberg and loses puck.
13:50 of 1st period - Bo Horvat is hit by Seth Griffith and loses puck.
14:16 of 1st period - Slapshot by Chris Mcallister.
14:16 of 1st period - Stopped by Pavel Francouz with a rebound.
14:18 of 1st period - Backhand shot by Patrik Nemeth.
14:18 of 1st period - Stopped by Pavel Francouz with a rebound.
14:33 of 1st period - Snap shot by Chris Mcallister.
14:33 of 1st period - Stopped by Pavel Francouz without a rebound.
14:34 of 1st period - Sean Couturier wins face-off versus Aleksander Barkov in Maple Leafs zone.
15:01 of 1st period - Cale Makar is hit by Nicholas Baptiste and loses puck.
15:14 of 1st period - Wrist shot by Nicholas Baptiste.
15:14 of 1st period - Shot Blocked by Milan Lucic.
15:50 of 1st period - Snap shot by Tomas Hertl.
15:50 of 1st period - Shot Misses the Net.
15:52 of 1st period - Wrist shot by Cale Makar.
15:52 of 1st period - Stopped by Pavel Francouz without a rebound.
15:53 of 1st period - Elias Pettersson wins face-off versus Tomas Hertl in Maple Leafs zone.
17:14 of 1st period - Snap shot by Elias Pettersson.
17:14 of 1st period - Stopped by Samuel Montembeault with a rebound.
18:39 of 1st period - Snap shot by Henrik Samuelsson.
18:39 of 1st period - Shot Misses the Net.
18:54 of 1st period - Minor Penalty to Brandon Saad for Interference.
18:55 of 1st period - Evander Kane wins face-off versus Sean Couturier in Maple Leafs zone.
19:06 of 1st period - John Klingberg is hit by Ryan Strome and loses puck.
19:53 of 1st period - Snap shot by Jason Zucker.
19:53 of 1st period - Stopped by Samuel Montembeault with a rebound.
Goals for this period are 2 for Maple Leafs vs 0 for Rangers.
Shots for this period are 10 for Maple Leafs vs 6 for Rangers.
2nd period
0:01 of 2nd period - Bo Horvat wins face-off versus Sean Couturier in neutral zone.
0:09 of 2nd period - Bo Horvat is hit by Samuel Blais.
0:19 of 2nd period - John Klingberg is hit by Sean Couturier and loses puck.
0:54 of 2nd period - Penalty to Brandon Saad is over, Brandon Saad is back on ice.
1:12 of 2nd period - Wrist shot by Seth Griffith.
1:12 of 2nd period - Deflect By Richard Panik.
1:12 of 2nd period - Shot Blocked by Pontus Aberg.
1:12 of 2nd period - Puck is out of play.
1:13 of 2nd period - Aleksander Barkov wins face-off versus Tomas Hertl in Maple Leafs zone.
1:26 of 2nd period - Snap shot by Aleksander Barkov.
1:26 of 2nd period - Stopped by Samuel Montembeault with a rebound.
1:53 of 2nd period - Minor Penalty to Brenden Dillon for Holding.
1:54 of 2nd period - Milan Lucic wins face-off versus Bo Horvat in Maple Leafs zone.
2:00 of 2nd period - Slapshot by Milan Lucic.
2:00 of 2nd period - Shot Blocked by John Klingberg.
2:02 of 2nd period - Snap shot by Sean Couturier.
2:02 of 2nd period - Shot Misses the Net.
2:04 of 2nd period - Slapshot by Samuel Blais.
2:04 of 2nd period - Goal by Samuel Blais - Maple Leafs : 2 - Rangers : 1.
2:05 of 2nd period - Sean Couturier wins face-off versus Bo Horvat in neutral zone.
2:15 of 2nd period - Icing by Jake McCabe.
2:16 of 2nd period - Bo Horvat wins face-off versus Sean Couturier in Rangers zone.
2:17 of 2nd period - Snap shot by Evander Kane.
2:17 of 2nd period - Stopped by Samuel Montembeault without a rebound.
2:18 of 2nd period - Bo Horvat wins face-off versus Sean Couturier in Rangers zone.
3:53 of 2nd period - Snap shot by Evander Kane.
3:53 of 2nd period - Shot Blocked by Dmitry Kulikov.
3:55 of 2nd period - Slapshot by Zach Werenski.
3:55 of 2nd period - Stopped by Samuel Montembeault with a rebound.
4:15 of 2nd period - Luke Schenn is hit by Ondrej Palat.
4:41 of 2nd period - Snap shot by Elias Pettersson.
4:41 of 2nd period - Shot Misses the Net.
4:43 of 2nd period - Backhand shot by Luke Schenn.
4:43 of 2nd period - Stopped by Samuel Montembeault without a rebound.
4:44 of 2nd period - Sean Couturier wins face-off versus Bo Horvat in Rangers zone.
5:34 of 2nd period - Snap shot by Richard Panik.
5:34 of 2nd period - Deflect By Chris Mcallister.
5:34 of 2nd period - Stopped by Pavel Francouz with a rebound.
5:36 of 2nd period - Snap shot by Mikhail Sergachev.
5:36 of 2nd period - Shot Misses the Net.
5:38 of 2nd period - Slapshot by Mikhail Sergachev.
5:38 of 2nd period - Deflect By Chris Mcallister.
5:38 of 2nd period - Stopped by Pavel Francouz with a rebound.
5:40 of 2nd period - Snap shot by Chris Mcallister.
5:40 of 2nd period - Shot Misses the Net.
5:42 of 2nd period - Snap shot by Chris Mcallister.
5:42 of 2nd period - Deflect By Richard Panik.
5:42 of 2nd period - Shot Misses the Net.
5:42 of 2nd period - Puck is out of play.
5:43 of 2nd period - Sean Couturier wins face-off versus Andre Burakovsky in Maple Leafs zone.
6:24 of 2nd period - Nicholas Baptiste is hit by Tomas Hertl and loses puck.
7:25 of 2nd period - Ryan Strome is hit by Jason Zucker.
7:31 of 2nd period - Minor Penalty to Zach Werenski for Tripping.
7:32 of 2nd period - Sean Couturier wins face-off versus Bo Horvat in Maple Leafs zone.
8:30 of 2nd period - Jon Merrill is hit by Jake McCabe and loses puck.
9:31 of 2nd period - Penalty to Zach Werenski is over, Zach Werenski is back on ice.
10:19 of 2nd period - Snap shot by Pontus Aberg.
10:19 of 2nd period - Shot Misses the Net.
10:21 of 2nd period - Wrist shot by Tye McGinn.
10:21 of 2nd period - Goal by Tye McGinn - Maple Leafs : 3 - Rangers : 1.
10:22 of 2nd period - Tomas Hertl wins face-off versus Aleksander Barkov in neutral zone.
10:35 of 2nd period - Slapshot by Tomas Hertl.
10:35 of 2nd period - Stopped by Pavel Francouz without a rebound.
10:36 of 2nd period - Ryan Strome wins face-off versus Aleksander Barkov in Maple Leafs zone.
11:50 of 2nd period - Snap shot by Elias Pettersson.
11:50 of 2nd period - Stopped by Samuel Montembeault without a rebound.
11:51 of 2nd period - Elias Pettersson wins face-off versus Seth Griffith in Rangers zone.
11:52 of 2nd period - Slapshot by Zach Werenski.
11:52 of 2nd period - Stopped by Samuel Montembeault with a rebound.
12:18 of 2nd period - Wrist shot by Chris Mcallister.
12:18 of 2nd period - Stopped by Pavel Francouz without a rebound.
12:19 of 2nd period - Sean Couturier wins face-off versus Bo Horvat in Maple Leafs zone.
12:32 of 2nd period - Snap shot by Milan Lucic.
12:32 of 2nd period - Stopped by Pavel Francouz with a rebound.
13:03 of 2nd period - Minor Penalty to Patrik Nemeth for Hooking.
13:04 of 2nd period - Sean Couturier wins face-off versus Bo Horvat in Rangers zone.
14:18 of 2nd period - Luke Schenn is hit by Chris Mcallister and loses puck.
15:03 of 2nd period - Penalty to Patrik Nemeth is over, Patrik Nemeth is back on ice.
15:22 of 2nd period - Snap shot by Tomas Hertl.
15:22 of 2nd period - Stopped by Pavel Francouz with a rebound.
16:16 of 2nd period - Wrist shot by Ryan Strome.
16:16 of 2nd period - Shot Misses the Net.
16:36 of 2nd period - Minor Penalty to Seth Griffith for Interference.
16:37 of 2nd period - Bo Horvat wins face-off versus Sean Couturier in Rangers zone.
16:46 of 2nd period - Slapshot by Bo Horvat.
16:46 of 2nd period - Shot Misses the Net.
16:48 of 2nd period - Wrist shot by Ben Smith.
16:48 of 2nd period - Shot Misses the Net.
17:06 of 2nd period - Snap shot by Aleksander Barkov.
17:06 of 2nd period - Shot Misses the Net.
17:08 of 2nd period - Wrist shot by Zach Werenski.
17:08 of 2nd period - Deflect By Dmitry Kulikov.
17:08 of 2nd period - Stopped by Samuel Montembeault with a rebound.
17:10 of 2nd period - Snap shot by Zach Werenski.
17:10 of 2nd period - Stopped by Samuel Montembeault with a rebound.
17:12 of 2nd period - Slapshot by John Klingberg.
17:12 of 2nd period - Deflect By Jake McCabe.
17:12 of 2nd period - Stopped by Samuel Montembeault without a rebound.
17:13 of 2nd period - Sean Couturier wins face-off versus Aleksander Barkov in Rangers zone.
17:26 of 2nd period - Slapshot by Luke Schenn.
17:26 of 2nd period - Deflect By Tomas Hertl.
17:26 of 2nd period - Goal by Luke Schenn - Maple Leafs : 4 - Rangers : 1.
17:27 of 2nd period - Sean Couturier wins face-off versus Bo Horvat in neutral zone.
17:34 of 2nd period - Snap shot by Ryan Strome.
17:34 of 2nd period - Shot Misses the Net.
17:54 of 2nd period - John Klingberg is hit by Jake McCabe and loses puck.
18:01 of 2nd period - Slapshot by Tomas Hertl.
18:01 of 2nd period - Shot Misses the Net.
18:05 of 2nd period - Snap shot by Ondrej Palat.
18:05 of 2nd period - Stopped by Pavel Francouz with a rebound.
18:17 of 2nd period - Wrist shot by Samuel Blais.
18:17 of 2nd period - Shot Misses the Net.
18:43 of 2nd period - Wrist shot by Milan Lucic.
18:43 of 2nd period - Stopped by Pavel Francouz with a rebound.
Goals for this period are 2 for Maple Leafs vs 1 for Rangers.
Shots for this period are 11 for Maple Leafs vs 9 for Rangers.
3rd period
0:01 of 3rd period - Sean Couturier wins face-off versus Bo Horvat in neutral zone.
0:38 of 3rd period - Wrist shot by Tomas Hertl.
0:38 of 3rd period - Stopped by Pavel Francouz with a rebound.
0:40 of 3rd period - Slapshot by Jake McCabe.
0:40 of 3rd period - Stopped by Pavel Francouz without a rebound.
0:41 of 3rd period - Henrik Samuelsson wins face-off versus Bo Horvat in Maple Leafs zone.
0:51 of 3rd period - Slapshot by Patrik Nemeth.
0:51 of 3rd period - Shot Blocked by Andre Burakovsky.
0:56 of 3rd period - Icing by Luke Schenn.
0:57 of 3rd period - Bo Horvat wins face-off versus Sean Couturier in Maple Leafs zone.
1:03 of 3rd period - Off-side.
1:04 of 3rd period - Sean Couturier wins face-off versus Bo Horvat in neutral zone.
2:17 of 3rd period - Wrist shot by Chris Mcallister.
2:17 of 3rd period - Shot Blocked by Haydn Fleury.
2:19 of 3rd period - Snap shot by Jake McCabe.
2:19 of 3rd period - Shot Misses the Net.
3:27 of 3rd period - John Klingberg is hit by Henrik Samuelsson and loses puck.
4:09 of 3rd period - Luke Schenn is hit by Ryan Strome and loses puck.
4:44 of 3rd period - Henrik Samuelsson is hit by Patrice Cormier and loses puck.
5:08 of 3rd period - Icing by Cale Makar.
5:09 of 3rd period - Seth Griffith wins face-off versus Bo Horvat in Rangers zone.
5:18 of 3rd period - Slapshot by Andre Burakovsky.
5:18 of 3rd period - Shot Misses the Net.
5:26 of 3rd period - Evander Kane is hit by Chris Mcallister.
5:54 of 3rd period - Snap shot by Richard Panik.
5:54 of 3rd period - Stopped by Pavel Francouz without a rebound.
5:55 of 3rd period - Sean Couturier wins face-off versus Aleksander Barkov in Maple Leafs zone.
5:56 of 3rd period - Slapshot by Milan Lucic.
5:56 of 3rd period - Deflect By Ryan Strome.
5:56 of 3rd period - Goal by Ryan Strome - Maple Leafs : 4 - Rangers : 2.
5:57 of 3rd period - Sean Couturier wins face-off versus Bo Horvat in neutral zone.
6:26 of 3rd period - Wrist shot by Tomas Hertl.
6:26 of 3rd period - Shot Blocked by Aleksander Barkov.
6:30 of 3rd period - Slapshot by Cale Makar.
6:30 of 3rd period - Stopped by Pavel Francouz without a rebound.
6:31 of 3rd period - Aleksander Barkov wins face-off versus Tomas Hertl in Maple Leafs zone.
6:56 of 3rd period - Snap shot by Jason Zucker.
6:56 of 3rd period - Shot Misses the Net.
7:04 of 3rd period - Wrist shot by Tomas Hertl.
7:04 of 3rd period - Goal by Tomas Hertl - Maple Leafs : 4 - Rangers : 3.
7:05 of 3rd period - Sean Couturier wins face-off versus Bo Horvat in neutral zone.
7:17 of 3rd period - Slapshot by Zach Werenski.
7:17 of 3rd period - Deflect By Evander Kane.
7:17 of 3rd period - Shot Misses the Net.
7:17 of 3rd period - Puck is out of play.
7:18 of 3rd period - Ryan Strome wins face-off versus Bo Horvat in Rangers zone.
7:18 of 3rd period - Ryan Strome is hit by Bo Horvat.
7:31 of 3rd period - Minor Penalty to Evander Kane for Delaying the game.
7:32 of 3rd period - Bo Horvat wins face-off versus Sean Couturier in Maple Leafs zone.
9:31 of 3rd period - Penalty to Evander Kane is over, Evander Kane is back on ice.
10:08 of 3rd period - Slapshot by Evander Kane.
10:08 of 3rd period - Deflect By Andre Burakovsky.
10:08 of 3rd period - Shot Misses the Net.
10:08 of 3rd period - Puck is out of play.
10:09 of 3rd period - Bo Horvat wins face-off versus Sean Couturier in Rangers zone.
10:10 of 3rd period - Wrist shot by Andre Burakovsky.
10:10 of 3rd period - Stopped by Samuel Montembeault without a rebound.
10:11 of 3rd period - Sean Couturier wins face-off versus Bo Horvat in Rangers zone.
11:17 of 3rd period - Slapshot by Jake McCabe.
11:17 of 3rd period - Shot Blocked by Nicholas Baptiste.
11:19 of 3rd period - Wrist shot by Samuel Blais.
11:19 of 3rd period - Shot Misses the Net.
11:21 of 3rd period - Slapshot by Jake McCabe.
11:21 of 3rd period - Shot Blocked by John Klingberg.
11:23 of 3rd period - Slapshot by Henrik Samuelsson.
11:23 of 3rd period - Stopped by Pavel Francouz with a rebound.
11:25 of 3rd period - Slapshot by Henrik Samuelsson.
11:25 of 3rd period - Stopped by Pavel Francouz with a rebound.
11:41 of 3rd period - Sean Couturier is hit by Evander Kane and loses puck.
13:26 of 3rd period - Wrist shot by Oliver Bjorkstrand.
13:26 of 3rd period - Stopped by Pavel Francouz with a rebound.
13:36 of 3rd period - Wrist shot by Oliver Bjorkstrand.
13:36 of 3rd period - Goal by Oliver Bjorkstrand - Maple Leafs : 4 - Rangers : 4.
13:37 of 3rd period - Sean Couturier wins face-off versus Bo Horvat in neutral zone.
13:37 of 3rd period - Sean Couturier is hit by Evander Kane.
13:40 of 3rd period - Cale Makar is hit by Zach Werenski and loses puck.
14:53 of 3rd period - Wrist shot by Jason Zucker.
14:53 of 3rd period - Shot Blocked by Dmitry Kulikov.
15:19 of 3rd period - Aleksander Barkov is hit by Milan Lucic and loses puck.
16:07 of 3rd period - Elias Pettersson is hit by Milan Lucic and loses puck.
17:11 of 3rd period - Henrik Samuelsson is hit by Zach Werenski and loses puck.
18:07 of 3rd period - Chris Mcallister is hit by Ben Smith and loses puck.
18:40 of 3rd period - Andre Burakovsky is hit by Samuel Blais and loses puck.
18:49 of 3rd period - Jake McCabe is hit by Andre Burakovsky and loses puck.
18:58 of 3rd period - Minor Penalty to Evander Kane for High sticking.
18:59 of 3rd period - Sean Couturier wins face-off versus Bo Horvat in Maple Leafs zone.
19:41 of 3rd period - Slapshot by Cale Makar.
19:41 of 3rd period - Deflect By Tomas Hertl.
19:41 of 3rd period - Shot Blocked by Luke Schenn.
19:41 of 3rd period - Puck is out of play.
19:42 of 3rd period - Tomas Hertl wins face-off versus Elias Pettersson in Maple Leafs zone.
19:55 of 3rd period - Slapshot by Ondrej Palat.
19:55 of 3rd period - Shot Misses the Net.
19:57 of 3rd period - Wrist shot by Ondrej Palat.
19:57 of 3rd period - Stopped by Pavel Francouz without a rebound.
19:58 of 3rd period - Sean Couturier wins face-off versus Bo Horvat in Maple Leafs zone.
Goals for this period are 0 for Maple Leafs vs 3 for Rangers.
Shots for this period are 1 for Maple Leafs vs 11 for Rangers.
Overtime #1
0:01 of 1st overtime period - Bo Horvat wins face-off versus Sean Couturier in neutral zone.
0:06 of 1st overtime period - Slapshot by Milan Lucic.
0:06 of 1st overtime period - Stopped by Pavel Francouz without a rebound.
0:07 of 1st overtime period - Sean Couturier wins face-off versus Bo Horvat in Maple Leafs zone.
0:10 of 1st overtime period - Wrist shot by Sean Couturier.
0:10 of 1st overtime period - Stopped by Pavel Francouz without a rebound.
0:11 of 1st overtime period - Bo Horvat wins face-off versus Sean Couturier in Maple Leafs zone.
0:23 of 1st overtime period - Icing by Sean Couturier.
0:24 of 1st overtime period - Bo Horvat wins face-off versus Sean Couturier in Rangers zone.
0:58 of 1st overtime period - Penalty to Evander Kane is over, Evander Kane is back on ice.
1:49 of 1st overtime period - Wrist shot by Evander Kane.
1:49 of 1st overtime period - Shot Misses the Net.
2:17 of 1st overtime period - Wrist shot by Sean Couturier.
2:17 of 1st overtime period - Stopped by Pavel Francouz with a rebound.
2:19 of 1st overtime period - Wrist shot by Milan Lucic.
2:19 of 1st overtime period - Shot Misses the Net.
2:21 of 1st overtime period - Snap shot by Dmitry Kulikov.
2:21 of 1st overtime period - Stopped by Pavel Francouz with a rebound.
2:23 of 1st overtime period - Wrist shot by Sean Couturier.
2:23 of 1st overtime period - Goal by Sean Couturier - Maple Leafs : 4 - Rangers : 5.
Goals for this period are 0 for Maple Leafs vs 1 for Rangers.
Shots for this period are 0 for Maple Leafs vs 5 for Rangers.